CLL
LODI CRUSHERS @ RENO SILVER SOX
05/05/1981
 
TOP OF THE 1ST
Lodi Crushers batting - Pitching for Reno Silver Sox : RHP Kevin Mendon
Pitching: RHP Kevin Mendon
Batting: LHB Eric Bullock 0-0: Ball
1-0: Ground out 4-3 (Groundball, 4, EV 86.9 MPH)
Batting: RHB Jose Hidalgo 0-0: Ball
1-0: Called Strike
1-1: Fly out, F5 (Line Drive, 5, EV 71.9 MPH)
Batting: RHB Darnell Coles 0-0: Ball
1-0: Ball
2-0: Ball
3-0: Called Strike
3-1: Base on Balls
Batting: RHB Hector Rincones 0-0: Swinging Strike
0-1: Called Strike
0-2: Foul Ball, location: 2F
0-2: Strikes out looking
Top of the 1st over - 0 runs, 0 hits, 0 errors, 1 left on base; Lodi 0 - Reno 0
BOTTOM OF THE 1ST
Reno Silver Sox batting - Pitching for Lodi Crushers : RHP Ian Stubberfield
Pitching: RHP Ian Stubberfield
Batting: LHB Robert Markham 0-0: Ball
1-0: Called Strike
1-1: Ball
2-1: Called Strike
2-2: Ball
3-2: Base on Balls
Batting: RHB Kelly Gruber 0-0: Called Strike
0-1: Ball
1-1: Ball
2-1: Called Strike
2-2: Strikes out looking
Batting: LHB Felix Agapay 0-0: Called Strike
0-1: Ball
1-1: Foul Ball, location: 2F
1-2: Ball
2-2: Ball
3-2: Base on Balls
Robert Markham to second
Batting: RHB Eddie Vargas 0-0: Ball
1-0: Called Strike
1-1: Called Strike
1-2: Foul Ball, location: 2F
1-2: Strikes out swinging
Batting: RHB Luis Rois 0-0: Ball
1-0: Called Strike
1-1: Fielders Choice at 2nd, 5-4 (Groundball, 56, EV 81.9 MPH)
Bottom of the 1st over - 0 runs, 0 hits, 0 errors, 2 left on base; Lodi 0 - Reno 0
TOP OF THE 2ND
Lodi Crushers batting - Pitching for Reno Silver Sox : RHP Kevin Mendon
Batting: SHB Manuel Adams 0-0: Called Strike
0-1: Swinging Strike
0-2: Foul Ball, location: 2F
0-2: Ball
1-2: Foul Ball, location: 2F
1-2: Foul Ball, location: 2F
1-2: SINGLE (Line Drive, 78S, EV 100.0 MPH)
Batting: RHB Stine Poole 0-0: Ball
1-0: Ball
2-0: Fly out, F9 (Flyball, 89M, EV 89.4 MPH)
Batting: RHB Frederick DeVito 0-0: Ball
1-0: Swinging Strike
1-1: Fly out, F8 (Flyball, 89S, EV 87.5 MPH)
Batting: RHB Gerald Hool 0-0: Swinging Strike
0-1: Ball
1-1: Ball
2-1: Swinging Strike
2-2: Ball
3-2: Ground out 5-3 (Groundball, 5, EV 91.3 MPH)
Top of the 2nd over - 0 runs, 1 hit, 0 errors, 1 left on base; Lodi 0 - Reno 0
BOTTOM OF THE 2ND
Reno Silver Sox batting - Pitching for Lodi Crushers : RHP Ian Stubberfield
Batting: RHB Bill Crone 0-0: Ball
1-0: Called Strike
1-1: Ball
2-1: Ball
3-1: Base on Balls
Batting: RHB David Howard 0-0: Called Strike
0-1: Foul Ball, location: 2F
0-2: Ball
1-2: Fly out, F8 (Flyball, 8RD, EV 106.9 MPH)
Batting: RHB T.J. Johnson 0-0: Ball
1-0: Ball
Bill Crone steals 2nd base
2-0: Called Strike
2-1: Called Strike
2-2: Reached via error on a dropped throw from SS, E3 (Groundball, 6, EV 88.8 MPH)
Bill Crone to third
Batting: RHB Jeffrey Boyd 0-0: Ball
1-0: Foul Ball, location: 2F
1-1: Ball
2-1: Swinging Strike
2-2: Strikes out swinging
Batting: LHB Robert Markham 0-0: Ball
1-0: Called Strike
1-1: Foul Ball, location: 2F
1-2: Strikes out swinging
Bottom of the 2nd over - 0 runs, 0 hits, 1 error, 2 left on base; Lodi 0 - Reno 0
TOP OF THE 3RD
Lodi Crushers batting - Pitching for Reno Silver Sox : RHP Kevin Mendon
Batting: RHB John McConnell 0-0: Ball
1-0: Ball
2-0: Called Strike
2-1: Ball
3-1: Base on Balls
Batting: LHB Eric Bullock 0-0: Called Strike
0-1: Ball
1-1: Foul Ball, location: 2F
1-2: Fly out, F3 (Popup, 3S, EV 86.3 MPH)
Batting: RHB Jose Hidalgo 0-0: Swinging Strike
0-1: Foul Ball, location: 2F
0-2: Foul Ball, location: 2F
0-2: Ball
1-2: Ball
2-2: Ball
3-2: Fly out, F8 (Line Drive, 8LM, EV 91.9 MPH)
Batting: RHB Darnell Coles 0-0: Called Strike
0-1: Foul Ball, location: 2F
0-2: Strikes out swinging
Top of the 3rd over - 0 runs, 0 hits, 0 errors, 1 left on base; Lodi 0 - Reno 0
BOTTOM OF THE 3RD
Reno Silver Sox batting - Pitching for Lodi Crushers : RHP Ian Stubberfield
Batting: RHB Kelly Gruber 0-0: Called Strike
0-1: Ball
1-1: Ball
2-1: Ball
3-1: Swinging Strike
3-2: Base on Balls
Batting: LHB Felix Agapay 0-0: Called Strike
0-1: Called Strike
0-2: Ball
1-2: Fielders Choice at 2nd, 4-6 (Groundball, 34, EV 89.4 MPH)
Batting: RHB Eddie Vargas 0-0: Called Strike
Felix Agapay steals 2nd base
0-1: SINGLE (Line Drive, 9LS, EV 101.3 MPH)
Felix Agapay to third
Runner from 3rd tries for Home, SAFE, no throw by RF
Batting: RHB Luis Rois 0-0: 2-RUN HOME RUN (Flyball, 7D, EV 99.4 MPH), Distance : 385 ft
Batting: RHB Bill Crone 0-0: Ball
1-0: Ball
2-0: Swinging Strike
2-1: Called Strike
2-2: Foul Ball, location: 2F
2-2: Ball
3-2: Fly out, F7 (Flyball, 78XD, EV 96.9 MPH)
Batting: RHB David Howard 0-0: Called Strike
0-1: Ball
1-1: Ball
2-1: Swinging Strike
2-2: Ball
3-2: Strikes out looking
Bottom of the 3rd over - 3 runs, 2 hits, 0 errors, 0 left on base; Lodi 0 - Reno 3
TOP OF THE 4TH
Lodi Crushers batting - Pitching for Reno Silver Sox : RHP Kevin Mendon
Batting: RHB Hector Rincones 0-0: Called Strike
0-1: Ball
1-1: Ball
2-1: Foul Ball, location: 2F
2-2: Ball
3-2: Foul Ball, location: 2F
3-2: Base on Balls
Batting: SHB Manuel Adams 0-0: Ball
1-0: Ball
Hector Rincones steals 2nd base (no throw)
2-0: Called Strike
2-1: Fly out, F7 (Flyball, 7D, EV 91.3 MPH)
Batting: RHB Stine Poole 0-0: Ball
1-0: Ground out 5-3 (Groundball, 56S, EV 86.3 MPH)
Batting: RHB Frederick DeVito 0-0: Ball
1-0: Foul Ball, location: 2F
1-1: Fly out, F8 (Line Drive, 8RM, EV 97.5 MPH)
Top of the 4th over - 0 runs, 0 hits, 0 errors, 1 left on base; Lodi 0 - Reno 3
BOTTOM OF THE 4TH
Reno Silver Sox batting - Pitching for Lodi Crushers : RHP Ian Stubberfield
Batting: RHB T.J. Johnson 0-0: Ball
1-0: Ball
2-0: Foul Ball, location: 2F
2-1: Swinging Strike
2-2: Foul Ball, location: 2F
2-2: Strikes out looking
Batting: RHB Jeffrey Boyd 0-0: Called Strike
0-1: Ball
1-1: Foul Ball, location: 2F
1-2: Foul Ball, location: 2F
1-2: Ball
2-2: Foul Ball, location: 2F
2-2: Ground out 6-3 (Groundball, 6M, EV 90.6 MPH)
Batting: LHB Robert Markham 0-0: Fly out, F7 (Flyball, 78M, EV 78.8 MPH)
Bottom of the 4th over - 0 runs, 0 hits, 0 errors, 0 left on base; Lodi 0 - Reno 3
TOP OF THE 5TH
Lodi Crushers batting - Pitching for Reno Silver Sox : RHP Kevin Mendon
Batting: RHB Gerald Hool 0-0: Ball
1-0: Ball
2-0: Ground out 5-3 (Groundball, 56, EV 88.8 MPH)
Batting: RHB John McConnell 0-0: Fly out, F6 (Popup, 4MD, EV 41.3 MPH)
Batting: LHB Eric Bullock 0-0: Ball
1-0: Foul Ball, location: 2F
1-1: Ball
2-1: Ground out 4-3 (Groundball, 4, EV 87.5 MPH)
Top of the 5th over - 0 runs, 0 hits, 0 errors, 0 left on base; Lodi 0 - Reno 3
BOTTOM OF THE 5TH
Reno Silver Sox batting - Pitching for Lodi Crushers : RHP Ian Stubberfield
Batting: RHB Kelly Gruber 0-0: Ground out 3-1 (Groundball, 34, EV 86.9 MPH)
Batting: LHB Felix Agapay 0-0: Ball
1-0: Foul Ball, location: 2F
1-1: Foul Ball, location: 2F
1-2: Foul Ball, location: 2F
1-2: Ball
2-2: Fly out, F6 (Line Drive, 6, EV 70.0 MPH)
Batting: RHB Eddie Vargas 0-0: Called Strike
0-1: SINGLE (Flyball, 89S, EV 93.1 MPH)
Batting: RHB Luis Rois 0-0: Ball
1-0: Ground out 1-3 (Groundball, 15S, EV 71.9 MPH)
Bottom of the 5th over - 0 runs, 1 hit, 0 errors, 1 left on base; Lodi 0 - Reno 3
TOP OF THE 6TH
Lodi Crushers batting - Pitching for Reno Silver Sox : RHP Kevin Mendon
Batting: RHB Jose Hidalgo 0-0: Ball
1-0: Fly out, F8 (Line Drive, 8RM, EV 105.0 MPH)
Batting: RHB Darnell Coles 0-0: Called Strike
0-1: Called Strike
0-2: Foul Ball, location: 2F
0-2: Ball
1-2: Strikes out swinging
Batting: RHB Hector Rincones 0-0: Ball
1-0: Ground out 1-3 (Groundball, 13, EV 91.3 MPH)
Top of the 6th over - 0 runs, 0 hits, 0 errors, 0 left on base; Lodi 0 - Reno 3
BOTTOM OF THE 6TH
Reno Silver Sox batting - Pitching for Lodi Crushers : RHP Ian Stubberfield
Batting: RHB Bill Crone 0-0: Ball
1-0: Called Strike
1-1: Called Strike
1-2: Fly out, F9 (Line Drive, 9, EV 92.5 MPH)
Batting: RHB David Howard 0-0: Ball
1-0: Ball
2-0: Ball
3-0: Called Strike
3-1: Base on Balls
Batting: RHB T.J. Johnson 0-0: Swinging Strike
0-1: Ball
1-1: Ball
2-1: SINGLE (Line Drive, 8RM, EV 96.9 MPH)
David Howard to second
Batting: RHB Jeffrey Boyd 0-0: Ball
1-0: Called Strike
1-1: Fielders Choice at 2nd, 4-6 (Groundball, 4, EV 94.4 MPH)
David Howard to third
Batting: LHB Robert Markham Balk!
David Howard scores
Jeffrey Boyd to second
0-0: SINGLE (Groundball, 34D, EV 100.6 MPH)
Jeffrey Boyd to third
Runner from 3rd tries for Home, SAFE, throw by RF to home
Batting: RHB Kelly Gruber 0-0: Fielders Choice at 2nd, 6-4 (Groundball, 6, EV 82.5 MPH)
Bottom of the 6th over - 2 runs, 2 hits, 0 errors, 1 left on base; Lodi 0 - Reno 5
TOP OF THE 7TH
Lodi Crushers batting - Pitching for Reno Silver Sox : RHP Kevin Mendon
Batting: SHB Manuel Adams 0-0: Ball
1-0: Fly out, F7 (Flyball, 7, EV 88.8 MPH)
Batting: RHB Stine Poole 0-0: Called Strike
0-1: Ball
1-1: Called Strike
1-2: Ball
2-2: Ball
3-2: Fly out, F9 (Flyball, 9S, EV 93.1 MPH)
Batting: RHB Frederick DeVito 0-0: Ball
1-0: Called Strike
1-1: Fly out, F4 (Flyball, 4D, EV 87.5 MPH)
Top of the 7th over - 0 runs, 0 hits, 0 errors, 0 left on base; Lodi 0 - Reno 5
BOTTOM OF THE 7TH
Reno Silver Sox batting - Pitching for Lodi Crushers : RHP Ian Stubberfield
Pitching: LHP James Lackey
Batting: LHB Felix Agapay 0-0: Ball
1-0: Ball
2-0: Foul Ball, location: 2F
2-1: Called Strike
2-2: Ball
3-2: Ground out 6-3 (Groundball, 6, EV 108.8 MPH)
Batting: RHB Eddie Vargas 0-0: Ball
1-0: Fly out, F6 (Popup, 6M, EV 56.9 MPH)
Batting: RHB Luis Rois 0-0: Ball
1-0: Ball
2-0: Fly out, F7 (Flyball, 7LS, EV 87.5 MPH)
Bottom of the 7th over - 0 runs, 0 hits, 0 errors, 0 left on base; Lodi 0 - Reno 5
TOP OF THE 8TH
Lodi Crushers batting - Pitching for Reno Silver Sox : RHP Kevin Mendon
Batting: RHB Gerald Hool 0-0: Ball
1-0: Foul Ball, location: 2F
1-1: Called Strike
1-2: Foul Ball, location: 2F
1-2: Ball
2-2: SINGLE (Groundball, 4D, EV 103.8 MPH)
Pitching: LHP Mike Morley
Batting: RHB John McConnell 0-0: Ball
1-0: Called Strike
1-1: Foul Ball, location: 2F
1-2: Ball
2-2: Grounds into double play, 5-4-3 (Groundball, 56S, EV 90.6 MPH)
Batting: LHB Eric Bullock 0-0: Ball
1-0: Ball
2-0: Ground out 4-3 (Groundball, 4, EV 102.5 MPH)
Top of the 8th over - 0 runs, 1 hit, 0 errors, 0 left on base; Lodi 0 - Reno 5
BOTTOM OF THE 8TH
Reno Silver Sox batting - Pitching for Lodi Crushers : LHP James Lackey
Batting: RHB Bill Crone 0-0: Ball
1-0: Swinging Strike
1-1: Ball
2-1: Foul Ball, location: 2F
2-2: Foul Ball, location: 2F
2-2: Ball
3-2: Foul Ball, location: 2F
3-2: Base on Balls
Batting: RHB David Howard 0-0: Ball
1-0: Called Strike
1-1: Foul Ball, location: 2F
1-2: Foul Ball, location: 2F
1-2: Foul Ball, location: 2F
1-2: SINGLE (Groundball, 3D, EV 98.8 MPH)
Bill Crone to second
Runner from 2nd tries for 3rd, SAFE, throw by RF made to third
Batting: RHB T.J. Johnson 0-0: Called Strike
0-1: Fly out, F9 (Flyball, 89D, EV 96.3 MPH)
Runner from 3rd tags up, SCORES, no throw by RF
Batting: RHB Jeffrey Boyd 0-0: Ball
David Howard is caught stealing 2nd base 2-4
1-0: SINGLE (Line Drive, 3, EV 98.1 MPH)
Batting: LHB Robert Markham 0-0: Ball
1-0: Called Strike
1-1: SINGLE (Groundball, 4MD, EV 102.5 MPH)
Jeffrey Boyd to second
Batting: RHB Kelly Gruber 0-0: SINGLE (Line Drive, 89M, EV 94.4 MPH)
Jeffrey Boyd to third
Robert Markham to second
Runner from 3rd tries for Home, SAFE, no throw by CF
Batting: LHB Felix Agapay 0-0: Ball
1-0: Called Strike
1-1: Ball
2-1: Ball
3-1: Called Strike
3-2: Base on Balls
Robert Markham to third
Kelly Gruber to second
Batting: RHB Eddie Vargas 0-0: Ball
1-0: Ball
2-0: Ball
3-0: Base on Balls
Robert Markham scores
Kelly Gruber to third
Felix Agapay to second
Batting: RHB Luis Rois 0-0: Called Strike
0-1: Single, Error in OF, E8, batter to second base (Line Drive, 78M, EV 96.3 MPH)
Kelly Gruber scores
Felix Agapay scores
Eddie Vargas to third
Pitching: RHP Larry Knight
Batting: RHB Bill Crone 0-0: Ball
1-0: Ball
2-0: Foul Ball, location: 2F
2-1: Foul Ball, location: 2F
2-2: Fly out, F8 (Flyball, 8RD, EV 96.3 MPH)
Bottom of the 8th over - 5 runs, 5 hits, 1 error, 2 left on base; Lodi 0 - Reno 10
TOP OF THE 9TH
Lodi Crushers batting - Pitching for Reno Silver Sox : LHP Mike Morley
Batting: RHB Jose Hidalgo 0-0: Called Strike
0-1: Ball
1-1: Ball
2-1: Fly out, F9 (Line Drive, 9, EV 89.4 MPH)
Batting: RHB Darnell Coles 0-0: Foul Ball, location: 2F
0-1: SOLO HOME RUN (Line Drive, 7D, EV 105.6 MPH), Distance : 372 ft
Batting: RHB Hector Rincones 0-0: Swinging Strike
0-1: Ball
1-1: Ball
2-1: Ground out 6-3 (Groundball, 6, EV 84.4 MPH)
Pinch Hitting: RHB Tom Wiedenbauer 0-0: Ball
1-0: Foul Ball, location: 2F
1-1: Foul Ball, location: 2F
1-2: Fly out, F8 (Flyball, 8LM, EV 87.5 MPH)
Top of the 9th over - 1 run, 1 hit, 0 errors, 0 left on base; Lodi 1 - Reno 10
Sunday, June 21st, 2020 - OOTP Baseball 21.4 Build 63